 Dungeon Crawl Stone Soup version 0.28-a0-750-g7c675f85b1 (webtiles) character file.

Game seed: 6341517304394208920

16 Gwenloh the Sneak (level 2, -11/21 HPs)
             Began as an Octopode Delver on Oct 29, 2021.
             Killed by divine providence
             ... invoked by an orc priest
              (15 damage)
             ... on level 6 of the Dungeon.
             The game lasted 00:02:15 (224 turns).

Gwenloh the Sneak (Octopode Delver)                  Turns: 224, Time: 00:02:16

Health: -11/21     AC:  1    Str: 11    XL:     2   Next: 54%
Magic:  2/2        EV: 13    Int: 12    God:
Gold:   0          SH:  0    Dex: 13    Spells: 1/1 levels left

rFire   . . .      SeeInvis .     - Unarmed
rCold   . . .      Faith    .   (no shield)
rNeg    . . .      Spirit   .   (helmet restricted)
rPois   .          Reflect  .   (no amulet)
rElec   .          Harm     .   (no ring)
rCorr   .          Rampage  .   (no ring)
Will    .....                   (no ring)
Stlth   ++++......              (no ring)
HPRegen 0.07/turn               (no ring)
MPRegen 0.08/turn               (no ring)
                                (no ring)
                                (no ring)

@: no status effects
A: almost no armour, amphibious, 8 rings, camouflage 1, gelatinous body 1,
(nimble swimmer 1), tentacles
a: no special abilities


You were on level 6 of the Dungeon.
You visited 1 branch of the dungeon, and saw 2 of its levels.

Inventory:

Hand Weapons
 a - a +0 hunting sling
Missiles
 h - 8 sling bullets
Wands
 e - a wand of digging (3)
Scrolls
 b - a scroll of magic mapping
 c - a scroll of fear
 f - a scroll of fog
Potions
 d - a potion of haste
 g - a potion of lignification {unknown}


   Skills:
 + Level 3.2 Fighting
 + Level 0.8 Slings
 + Level 2.0 Dodging
 - Level 6.6 Stealth
 * Level 2.4 Unarmed Combat


You had one spell level left.
You didn't know any spells.
Your spell library was empty.

Dungeon Overview and Level Annotations

Branches:
Dungeon (6/15)
 Temple: D:4-7

Altars:


Innate Abilities, Weirdness & Mutations

You cannot wear most types of armour.
You are amphibious.
You can wear up to eight rings at the same time.
Your skin changes colour to match your surroundings (Stealth+).
Your rubbery body absorbs attacks. (AC +1, EV +1)
((You are camouflaged near water. (Stealth+)))
You have tentacles for arms and can constrict up to eight enemies at once.


Message History

The orc is almost dead.
The orc wizard mumbles some strange words.
The orc wizard flickers and vanishes!
Deactivating autopickup; reactivate with Ctrl-A.
You shoot a sling bullet. The sling bullet hits the orc!
You kill the orc!
An orc priest comes into view. It is wielding a +0 whip.
You shoot a sling bullet. The orc priest shouts!
The sling bullet hits the orc priest.
The orc priest is moderately wounded.
You shoot a sling bullet.
The sling bullet barely misses the orc priest.
Something tries to affect you, but you resist.
You shoot a sling bullet.
The sling bullet barely misses the orc priest.
You shoot a sling bullet. You shoot a sling bullet.
The sling bullet hits the orc priest.
The orc priest is heavily wounded.
You shoot a sling bullet. Something hits you.
You shoot a sling bullet. The sling bullet hits the orc priest.
The orc priest is almost dead.
Something hits you. x2
You shoot a sling bullet. Something hits you.
You are too injured to fight recklessly!
You are too injured to fight recklessly!
You are now empty-tentacled.
You miss something. Something hits you.
* * * LOW HITPOINT WARNING * * *
You barely miss something. You squeeze something.
Something hits you but does no damage.
The orc priest invokes the aid of Beogh against you.
Something writhes in agony!
Reactivating autopickup.
You feel a bit more experienced.
You have reached level 2!
The orc priest mumbles some strange prayers to Beogh against you.
Beogh smites you!
Ouch! That really hurt!
You die...

#.# #.#.....#.#
#.# #.#.....#.#
#.# #.#.....#.#
#.# #.#........
#.###.#.....#.#
##...........#.#
#..............#
###.##.#########
#.#..@o(((.(.
#.#..########
#.#..##(...<#
#.#..##.#####.#.##
#.#...............
#.#..########..##.
#.#..##.. .# c..
#.#..##.###.# #
#.#..##.#...##.#.


You could see an orc priest.

Vanquished Creatures
  An orc (D:6)
1 creature vanquished.

Vanquished Creatures (others)
  An orc wizard (D:6)
1 creature vanquished.

Grand Total: 2 creatures vanquished

Notes
Turn   | Place    | Note
-------+----------+-------------------------------------------
     0 | D:5      | Gwenloh the Octopode Delver began the quest for the Orb.
     0 | D:5      | Reached XP level 1. HP: 16/16 MP: 1/1
    30 | D:5      | Noticed an iguana
    53 | D:6      | Noticed a centaur
   210 | D:6      | Noticed an orc wizard
   212 | D:6      | Noticed an orc priest
   223 | D:6      | Killed an orc wizard
   224 | D:6      | Reached XP level 2. HP: 4/21 MP: 2/2
   224 | D:6      | Killed from afar by an orc priest

Illustrated notes

Levels and vault maps discovered:
D:5:      layout_loops_ring, minmay_temple_entry_arrows, serial_shops, shop,
          uniq_edmund, uniq_pikel
D:6:      layout_basic, kennysheep_generic_room_6, uniq_duvessa

Action                   || total
-------------------------++-------
Melee: Unarmed           ||     2
       Tentacles         ||     1
 Fire: Hunting sling     ||    11
Armor: Skin              ||     1

Table legend: (Time is in decaauts)
 A = Elapsed time spent in this place.
 B = Non-inter-level travel time spent in this place.
 C = Inter-level travel time spent in this place.
 D = Time resting spent in this place.
 E = Time spent auto-exploring this place.
 F = Levels seen in this place.
 G = Mean time per level.
                   A        B        C        D        E       F      G
               +--------+--------+--------+--------+--------+-----+--------+
         Total |    223 |    201 |     22 |      0 |      0 |   2 |  111.5 |
       Dungeon |    223 |    201 |     22 |      0 |      0 |   2 |  111.5 |
               +--------+--------+--------+--------+--------+-----+--------+

Top non-repeatable levels by time:
     D:6: 187 daAuts
     D:5: 36 daAuts
